[Event "Titled Tuesday Blitz June 28 Early 2022"]
[White "Shohat, Yotam"]
[Black "Madaminov, Mukhiddin"]
[WhiteFideId "2813955"]
[BlackFideId "14210703"]
[WhiteElo "2119"]
[BlackElo "1916"]
[Result "0-1"]
[Round "07"]
[TimeControl "180+1"]
[Date "2022.06.28"]
[WhiteClock "0:00:03"]
[BlackClock "0:01:11"]

1. e4 e5 2. f4 d5 3. Nf3 exf4 4. exd5 Nf6 5. Bb5+ c6 6. dxc6 bxc6 7. Bd3 Bc5 8. Qe2+ Be6 9. b4 Bb6 10. c4 Bd4 11. Nc3 O-O 12. Bb2 Re8 13. O-O-O Bxc4 14. Qxe8+ Nxe8 15. Bxc4 Bf6 16. Rhe1 Nd6 17. Bb3 Nd7 18. d4 Rb8 19. Ne5 Qc7 20. Kb1 Rxb4 21. Ba3 Rb8 22. Rc1 Nxe5 23. dxe5 Nc4 24. exf6 Nxa3+ 25. Ka1 gxf6 26. Nd5 Qa5 27. Ne7+ Kg7 28. Nxc6 Qb6 29. Re7 Rb7 30. Rxb7 Qxb7 31. Kb2 Nb5 32. Nd8 Qd7 33. Nxf7 Qd4+ 34. Kb1 Na3# 0-1


[Site "https://www.chess.com"]

[Event "Titled Tuesday Blitz June 28 Early 2022"]
[White "Silvestre, Christian"]
[Black "Hartikainen, Jarmo"]
[WhiteFideId "30956269"]
[BlackFideId "503134"]
[WhiteElo "2345"]
[BlackElo "2156"]
[Result "1-0"]
[Round "07"]
[TimeControl "180+1"]
[Date "2022.06.28"]
[WhiteClock "0:00:55"]
[BlackClock "0:00:18"]

1. e4 c5 2. Nc3 Nc6 3. f4 e6 4. Nf3 d5 5. Bb5 Be7 6. exd5 exd5 7. d4 Nf6 8. O-O O-O 9. Bxc6 bxc6 10. Ne5 Qc7 11. Be3 cxd4 12. Bxd4 c5 13. Bf2 Bb7 14. Nb5 Qb6 15. c4 d4 16. b4 a6 17. Na3 cxb4 18. Nc2 Bc5 19. Rb1 Rad8 20. Nxb4 Bxb4 21. a3 a5 22. axb4 axb4 23. Qb3 Be4 24. Qxb4 Qxb4 25. Rxb4 d3 26. Rd1 Bf5 27. h3 Ne4 28. Rxd3 Nxf2 29. Rxd8 Nxh3+ 30. gxh3 Rxd8 31. Nc6 Rc8 32. Ne7+ Kf8 33. Nxc8 Kg8 34. Ne7+ Kf8 35. Nxf5 1-0


[Site "https://www.chess.com"]

[Event "Titled Tuesday Blitz June 28 Early 2022"]
[White "Simonovic, Miroslav"]
[Black "Buscar, Michael"]
[WhiteFideId "919152"]
[BlackFideId "2603616"]
[WhiteElo "2043"]
[BlackElo "2010"]
[Result "0-1"]
[Round "07"]
[TimeControl "180+1"]
[Date "2022.06.28"]
[WhiteClock "0:00:15"]
[BlackClock "0:01:20"]

1. d4 d5 2. Bg5 Nf6 3. Bxf6 gxf6 4. e3 c5 5. c4 cxd4 6. Qxd4 dxc4 7. Qxd8+ Kxd8 8. Bxc4 e6 9. Nc3 Bb4 10. O-O-O+ Ke7 11. Nge2 a6 12. a3 Ba5 13. b4 Bc7 14. Ne4 Nd7 15. g4 b5 16. Bb3 Bb7 17. f3 Bxe4 18. fxe4 Ne5 19. h3 Bb6 20. Nd4 Rac8+ 21. Kb2 Rhd8 22. Nc2 Nd3+ 23. Kb1 Rc3 24. Nd4 Nf2 25. Kb2 Nxd1+ 26. Rxd1 Bxd4 27. exd4 Rxh3 28. d5 Rh2+ 29. Kb1 Rg2 30. Rh1 Rxg4 31. dxe6 fxe6 32. Rxh7+ Kd6 33. Ra7 Ke5 34. Rxa6 Rd6 35. Ra5 Rxe4 36. Rxb5+ Kd4 37. Rc5 f5 38. Bc2 Re2 39. Kb2 f4 40. Kb3 f3 41. Rc4+ Ke3 42. Rc3+ Kf2 43. Bg6 Re3 44. b5 Rxc3+ 45. Kxc3 Ke3 46. b6 Rxb6 47. Bd3 Rc6+ 48. Bc4 f2 49. Kb3 Rxc4 50. Kxc4 f1=Q+ 0-1


[Site "https://www.chess.com"]

[Event "Titled Tuesday Blitz June 28 Early 2022"]
[White "So, Wesley"]
[Black "Hovhannisyan, Robert"]
[WhiteFideId "5202213"]
[BlackFideId "13302507"]
[WhiteElo "2742"]
[BlackElo "2570"]
[Result "1-0"]
[Round "07"]
[TimeControl "180+1"]
[Date "2022.06.28"]
[WhiteClock "0:00:03"]
[BlackClock "0:00:02"]

1. e4 e5 2. Nf3 Nc6 3. Bc4 Bc5 4. c3 Nf6 5. d3 d6 6. O-O a5 7. Re1 O-O 8. h3 Ba7 9. Nbd2 Be6 10. Bb5 Ne7 11. Nf1 Ng6 12. d4 c6 13. Bd3 Nh5 14. Be3 Nhf4 15. Ng3 Nxd3 16. Qxd3 f6 17. c4 Qe7 18. Rad1 Rfd8 19. b3 a4 20. Qc3 Kh8 21. b4 b5 22. d5 Bg8 23. Nf5 Qb7 24. Bxa7 Rxa7 25. c5 dxc5 26. dxc6 Qb8 27. Qxc5 Rxd1 28. Rxd1 Bxa2 29. h4 Bg8 30. h5 Nf8 31. h6 g6 32. Nd6 a3 33. Nxe5 a2 34. Ra1 Ne6 35. Qe3 Qxd6 36. Qxa7 Qxe5 37. Rxa2 Qxe4 38. Qe7 Qe1+ 39. Kh2 Qe5+ 40. g3 Qh5+ 41. Kg1 Qxh6 42. Qxf6+ Qg7 43. Qxg7+ Kxg7 44. c7 Nxc7 45. Ra7 1-0


[Site "https://www.chess.com"]

[Event "Titled Tuesday Blitz June 28 Early 2022"]
[White "Soham Kamotra"]
[Black "Dwilewicz, Katarzyna"]
[WhiteFideId "46647490"]
[BlackFideId "1148486"]
[WhiteElo "2082"]
[BlackElo "1907"]
[Result "1-0"]
[Round "07"]
[TimeControl "180+1"]
[Date "2022.06.28"]
[WhiteClock "0:00:09"]
[BlackClock "0:00:03"]

1. e4 c5 2. Nf3 d6 3. d4 cxd4 4. Nxd4 Nf6 5. f3 e5 6. Nb3 a5 7. Be3 a4 8. N3d2 Nc6 9. c4 Be7 10. Nc3 O-O 11. Bd3 Be6 12. Nxa4 Nb4 13. Be2 Qa5 14. Nc3 Rfc8 15. O-O Nd7 16. a3 Nc6 17. Kh1 Nd4 18. Nd5 Bxd5 19. cxd5 Nc2 20. Nc4 Rxc4 21. Bd2 Qa4 22. Bxc4 Nxa1 23. b3 Qxa3 24. Bc3 b5 25. Bxb5 Nxb3 26. Bxd7 Nc5 27. Bc6 Rb8 28. Qa1 Qb3 29. Kg1 h5 30. Be1 Bg5 31. Bf2 Nd3 32. Qa7 Nxf2 33. Kxf2 Qc2+ 34. Kg3 Rb2 35. Rg1 Bf4+ 36. Kh3 g5 37. Qe7 Kg7 38. Be8 g4+ 39. Kh4 Qf2+ 40. Kxh5 gxf3 41. Qxf7+ Kh8 42. Qf6+ Kg8 43. Bf7+ Kf8 44. Be6+ Ke8 45. Qf7+ Kd8 46. Qd7# 1-0


[Site "https://www.chess.com"]

[Event "Titled Tuesday Blitz June 28 Early 2022"]
[White "Tatarinov, Dmitry"]
[Black "Sevian, Samuel"]
[WhiteFideId "24160067"]
[BlackFideId "2040506"]
[WhiteElo "2302"]
[BlackElo "2692"]
[Result "0-1"]
[Round "07"]
[TimeControl "180+1"]
[Date "2022.06.28"]
[WhiteClock "0:02:43"]
[BlackClock "0:02:51"]

1. e4 Nf6 2. Nc3 e5 3. Nf3 Bb4 4. Nxe5 O-O 5. Nd3 Bxc3 6. dxc3 Nxe4 7. Be2 Re8 8. O-O d6 9. c4 Nd7 10. b3 Nc3 0-1


[Site "https://www.chess.com"]

[Event "Titled Tuesday Blitz June 28 Early 2022"]
[White "Terrieux, Kevin"]
[Black "Daeschler, Florian"]
[WhiteFideId "622591"]
[BlackFideId "20678193"]
[WhiteElo "2482"]
[BlackElo "2221"]
[Result "1/2-1/2"]
[Round "07"]
[TimeControl "180+1"]
[Date "2022.06.28"]
[WhiteClock "0:00:04"]
[BlackClock "0:00:05"]

1. d4 d5 2. e4 dxe4 3. Nc3 Nf6 4. f3 exf3 5. Nxf3 c5 6. d5 a6 7. Bg5 e6 8. dxe6 Qxd1+ 9. Rxd1 Bxe6 10. Bxf6 gxf6 11. Ne4 Be7 12. Nd6+ Bxd6 13. Rxd6 Ke7 14. Rd2 Nc6 15. a3 Ne5 16. Be2 Rhg8 17. g3 Rad8 18. Rf1 Bh3 19. Rg1 Rge8 20. Nh4 Be6 21. Rxd8 Rxd8 22. Rf1 b5 23. Nf5+ Bxf5 24. Rxf5 Rd4 25. Rh5 c4 26. Rxh7 a5 27. h4 b4 28. axb4 axb4 29. Rh8 c3 30. bxc3 bxc3 31. Rc8 f5 32. Rxc3 f4 33. h5 Re4 34. gxf4 Rxf4 35. Re3 Kf6 36. Rh3 Kg7 37. Kd2 Kh6 38. Ke3 Ra4 39. Rh1 f5 40. Rf1 Re4+ 41. Kd2 Kg5 42. Rh1 Kh6 43. Rc1 Ng4 44. c4 Kxh5 45. c5 Re7 46. c6 Rc7 47. Kd3 Kg5 48. Kd4 Nf6 49. Ke5 Ne4 50. Bd3 Re7+ 51. Kd5 Rc7 52. Bxe4 fxe4 53. Kd6 Rc8 54. Ke5 e3 55. c7 e2 56. Ke4 Rxc7 57. Rg1+ Kf6 58. Kf3 Re7 59. Re1 Kf7 60. Rxe2 Rxe2 61. Kxe2 1/2-1/2


[Site "https://www.chess.com"]

[Event "Titled Tuesday Blitz June 28 Early 2022"]
[White "Terry, Renato"]
[Black "Steinberg, Nitzan"]
[WhiteFideId "3803457"]
[BlackFideId "2801795"]
[WhiteElo "2577"]
[BlackElo "2471"]
[Result "1-0"]
[Round "07"]
[TimeControl "180+1"]
[Date "2022.06.28"]
[WhiteClock "0:00:41"]
[BlackClock "0:00:47"]

1. b3 e5 2. Bb2 Nc6 3. e3 Nf6 4. c4 d5 5. cxd5 Nxd5 6. a3 Be7 7. Qc2 O-O 8. Nf3 Bf6 9. Bd3 g6 10. Be2 e4 11. Ng1 Bxb2 12. Qxb2 Qg5 13. g3 Bg4 14. Nc3 Nxc3 15. Qxc3 Rad8 16. f4 Qh5 17. Qc4 Bxe2 18. Nxe2 Rd3 19. Nc3 Rfd8 20. Nxe4 Qf3 21. Qxf7+ Kh8 22. Qxh7+ Kxh7 23. Ng5+ Kg7 24. Nxf3 Rxb3 25. Ke2 Na5 26. Rhc1 c6 27. Nd4 Rxd4 28. exd4 Rb5 29. Rc5 Nb3 30. Rxb5 Nxd4+ 31. Kd3 Nxb5 32. Rb1 Nd6 33. a4 Kf6 34. g4 b6 35. h4 Nb7 36. Ke3 Nc5 37. a5 Nd7 38. axb6 axb6 39. d4 Ke6 40. Rc1 Kd5 41. g5 b5 42. f5 gxf5 43. h5 b4 44. h6 Nf8 45. Rc5+ Kd6 46. Rxf5 Ke7 47. Kd3 1-0


[Site "https://www.chess.com"]

[Event "Titled Tuesday Blitz June 28 Early 2022"]
[White "Tifferet, Shaked"]
[Black "Averjanov, Alexey"]
[WhiteFideId "2811529"]
[BlackFideId "14109867"]
[WhiteElo "2083"]
[BlackElo "2716"]
[Result "1-0"]
[Round "07"]
[TimeControl "180+1"]
[Date "2022.06.28"]
[WhiteClock "0:00:05"]
[BlackClock "0:01:20"]

1. e4 c6 2. Nc3 d5 3. d4 dxe4 4. Nxe4 Bf5 5. Ng3 Bg6 6. Nf3 Nd7 7. h4 h6 8. h5 Bh7 9. Bd3 Bxd3 10. Qxd3 e6 11. Bd2 Ngf6 12. O-O-O Be7 13. Kb1 O-O 14. Ne4 Nxe4 15. Qxe4 Nf6 16. Qd3 Qd5 17. Bc3 Qe4 18. Qf1 Nd5 19. Bd2 c5 20. Re1 Qh7 21. g4 cxd4 22. g5 Qf5 23. Qg2 Bxg5 24. Re5 Qf6 25. Bxg5 hxg5 26. Rxg5 Kh7 27. Rg1 Rg8 28. Rg6 Nf4 29. Rxf6 Nxg2 30. Rxf7 Rgf8 31. Rxf8 Rxf8 32. Ng5+ Kh6 33. Rxg2 e5 34. Kc1 Kxh5 35. Ne6 Rf6 36. Nxg7+ Kh4 37. Ne8 Rf8 38. Nd6 Kh3 39. Rg5 Rxf2 40. Rxe5 b6 41. Re4 Kg2 42. Rxd4 Rf3 43. b3 Kf2 44. Nc4 Rf7 45. Rd2+ Ke1 46. Rd3 Rc7 47. Re3+ Kf2 48. Re6 b5 49. Ne5 Ke3 50. Nc6+ Kf4 51. Nb4 Kf5 52. Rc6 Rb7 53. Kb2 Ke5 54. Rc5+ Kd4 55. Rh5 a5 56. Nc6+ Ke4 57. Nxa5 Rc7 58. Rxb5 Kd4 59. Nc4 Rc6 60. Rb8 Rc7 61. Rd8+ Kc5 62. Rd2 Kb5 63. Rd3 Kb4 64. c3+ Kc5 65. a4 Rf7 66. Rd2 Rf3 67. Na3 Rg3 68. b4+ Kb6 69. Kb3 Rh3 70. Nc4+ Kc6 71. Rd6+ Kc7 72. Rg6 Rg3 73. Rxg3 Kc6 74. Rg5 Kb7 75. Nd2 Ka6 76. Nb1 Ka7 77. Na3 Ka8 78. Nc2 Kb8 79. Nd4 Ka8 80. Ne2 Kb8 81. Ng3 Ka8 82. Nh1 Kb8 83. Kc4 Ka8 84. Kb5 Ka7 85. Rg7+ Ka8 86. Kb6 Kb8 87. a5 Ka8 88. a6 Kb8 89. c4 Ka8 90. c5 Kb8 91. c6 Ka8 92. b5 Kb8 93. Rg2 Ka8 94. Kc5 Kb8 95. b6 Ka8 96. Kb5 Kb8 97. Rg3 Ka8 98. Kc5 Kb8 99. Kd5 Ka8 100. Kd6 Kb8 101. c7+ Ka8 102. b7+ Ka7 103. b8=Q+ Kxa6 104. c8=Q+ Ka5 105. Qbc7+ Kb4 106. Q8b7+ Ka4 107. Qcc6+ Ka5 108. Qbc7+ Kb4 109. Qe4+ Kb5 110. Rb3+ Ka6 111. Qec6# 1-0


[Site "https://www.chess.com"]

[Event "Titled Tuesday Blitz June 28 Early 2022"]
[White "Timofeev, Artyom"]
[Black "Starozhilov, Leonid"]
[WhiteFideId "4140419"]
[BlackFideId "14106752"]
[WhiteElo "2578"]
[BlackElo "2414"]
[Result "1-0"]
[Round "07"]
[TimeControl "180+1"]
[Date "2022.06.28"]
[WhiteClock "0:00:18"]
[BlackClock "0:00:01"]

1. e4 g6 2. d4 Bg7 3. Nc3 d6 4. Be3 a6 5. h4 h5 6. Nf3 Bg4 7. Be2 Bxf3 8. Bxf3 Nc6 9. Ne2 Nf6 10. Qd2 Qd7 11. O-O-O O-O 12. Kb1 e5 13. d5 Ne7 14. c4 b6 15. Nc3 Kh7 16. Be2 Neg8 17. f3 Bh6 18. Bg5 Kg7 19. Rdg1 Bxg5 20. hxg5 Nh7 21. g4 h4 22. Rxh4 Qe7 23. Rgh1 Nxg5 24. Nd1 Qf6 25. Nf2 Rfb8 26. R4h2 b5 27. Nh3 Nxh3 28. Rxh3 Qf4 29. Qxf4 exf4 30. g5 bxc4 31. Bxc4 Rb4 32. b3 a5 33. a3 Rb6 34. Kc2 Rc8 35. Rh7+ Kf8 36. R1h4 Re8 37. Rxf4 Re7 38. Kd3 Rb8 39. Rfh4 Re5 40. f4 Re7 41. f5 Rbe8 42. fxg6 Re5 1-0


[Site "https://www.chess.com"]

[Event "Titled Tuesday Blitz June 28 Early 2022"]
[White "Vachier-Lagrave, Maxime"]
[Black "Gormally, Daniel W"]
[WhiteFideId "623539"]
[BlackFideId "406465"]
[WhiteElo "2813"]
[BlackElo "2543"]
[Result "1-0"]
[Round "07"]
[TimeControl "180+1"]
[Date "2022.06.28"]
[WhiteClock "0:01:26"]
[BlackClock "0:00:54"]

1. e4 c5 2. Nf3 d6 3. d4 cxd4 4. Nxd4 Nf6 5. Nc3 Nc6 6. g3 Bg4 7. f3 Bd7 8. Be3 g6 9. Qd2 Bg7 10. O-O-O Rc8 11. Kb1 Qa5 12. Nb3 Qc7 13. g4 h5 14. g5 Nh7 15. Nd5 Qb8 16. h4 Be6 17. f4 Bg4 18. Be2 Bxe2 19. Qxe2 e6 20. Nc3 Bxc3 21. bxc3 O-O 22. f5 exf5 23. exf5 Ne5 24. fxg6 fxg6 25. Bd4 Qc7 26. Rhf1 Rxf1 27. Rxf1 Qc4 28. Qg2 Nf8 29. Nd2 Qb5+ 30. Ka1 Qc6 31. Ne4 Nfd7 32. Bxe5 dxe5 33. Rd1 Nc5 34. Nf6+ Kg7 35. Qf1 Rc7 36. Qc4 Ne6 37. Qxc6 bxc6 38. Ne8+ 1-0


[Site "https://www.chess.com"]

[Event "Titled Tuesday Blitz June 28 Early 2022"]
[White "Vainio, Ville"]
[Black "Ladan, Nicholas"]
[WhiteFideId "507270"]
[BlackFideId "30918855"]
[WhiteElo "2252"]
[BlackElo "2167"]
[Result "0-1"]
[Round "07"]
[TimeControl "180+1"]
[Date "2022.06.28"]
[WhiteClock "0:00:03"]
[BlackClock "0:00:22"]

1. e4 e5 2. Nf3 Nc6 3. Bc4 Nf6 4. d4 exd4 5. O-O Nxe4 6. Re1 d5 7. Bxd5 Qxd5 8. Nc3 Qd7 9. Rxe4+ Be7 10. Nxd4 f5 11. Rf4 O-O 12. Nxc6 Qxc6 13. Nd5 Bd6 14. Be3 Bxf4 15. Ne7+ Kh8 16. Nxc6 Bxe3 17. fxe3 bxc6 18. Qf3 Rb8 19. b3 Bb7 20. Rd1 c5 21. Qf4 Be4 22. Qxc7 c4 23. Rd7 Rbc8 24. Qd6 cxb3 25. axb3 Rg8 26. c4 Rb8 27. Qa3 a5 28. h3 h6 29. Kf2 Rb4 30. Kg3 Rgb8 31. Kf4 Rxb3 32. Qxa5 R3b6 33. Qa7 Rb2 34. Rxg7 Rf2+ 35. Ke5 Re8+ 36. Re7 Rxe7+ 37. Qxe7 Rxg2 38. Kf6 Rg5 39. c5 Rg8 40. Ke5 Rg7 41. Qf6 Kh7 42. c6 Rg6 43. Qf7+ Rg7 44. Qf6 Rg6 45. Qxg6+ Kxg6 46. c7 Bb7 47. Kd6 f4 48. Kd7 fxe3 0-1


[Site "https://www.chess.com"]

[Event "Titled Tuesday Blitz June 28 Early 2022"]
[White "Valle Maytin, Luis Enrique"]
[Black "Rom, Jasper"]
[WhiteFideId "3503666"]
[BlackFideId "2023733"]
[WhiteElo "2320"]
[BlackElo "2233"]
[Result "1/2-1/2"]
[Round "07"]
[TimeControl "180+1"]
[Date "2022.06.28"]
[WhiteClock "0:01:05"]
[BlackClock "0:00:04"]

1. e4 e6 2. d4 d5 3. Bd3 dxe4 4. Bxe4 Nf6 5. Bf3 Nbd7 6. Ne2 Bd6 7. c4 c6 8. Nbc3 O-O 9. Bg5 h6 10. Bh4 Re8 11. O-O e5 12. Ne4 Be7 13. Bxf6 Bxf6 14. d5 cxd5 15. cxd5 Be7 16. d6 Bf8 17. Rc1 f5 18. Qb3+ Kh8 19. N4g3 Nf6 20. Bh5 Nxh5 21. Nxh5 f4 22. Qf7 Be6 23. Qg6 Qg5 24. Qxg5 hxg5 25. f3 Bxd6 26. g4 Rac8 27. Rxc8 Rxc8 28. Rd1 Be7 29. Nc3 g6 30. Nf6 Bxf6 31. Rd6 Re8 32. Ne4 Kg7 33. Nc5 Kf7 34. Nxb7 Be7 35. Ra6 Bc8 36. Rxa7 Bxb7 37. Rxb7 Ke6 38. a4 Ra8 39. Rb6+ Kd5 40. Rb5+ Bc5+ 41. Kg2 Rxa4 42. Rb7 Rb4 43. Rd7+ Ke6 44. Rg7 Rxb2+ 45. Kh3 Kf6 46. Rc7 Be7 47. Rc6+ Kf7 48. Rf6+ Ke8 49. Rf8+ Kd7 50. Rd8+ Kc6 51. Rd6+ Kc5 52. Rd5+ Kc4 53. Rd4+ Kc3 54. Rc4+ Kd3 55. Rd4+ Ke3 56. Re4+ Kxf3 57. Rxe5 Bb4 58. Re3+ Kf2 59. Rf3+ Ke2 60. Rf1 Kd3 61. Rf3+ Kc4 62. Rc3+ Kb5 63. Rc5+ Ka4 64. Ra5+ Kb3 65. Ra3+ Kc4 66. Rc3+ Kb5 67. Rc5+ Kb6 68. Rb5+ Kc6 69. Rc5+ Kd6 70. Rd5+ Kc6 71. Rc5+ Kb6 72. Rb5+ Ka6 73. Ra5+ Kb6 74. Rb5+ 1/2-1/2


[Site "https://www.chess.com"]

[Event "Titled Tuesday Blitz June 28 Early 2022"]
[White "Van Foreest, Jorden"]
[Black "Nakamura, Hikaru"]
[WhiteFideId "1039784"]
[BlackFideId "2016192"]
[WhiteElo "2609"]
[BlackElo "2850"]
[Result "0-1"]
[Round "07"]
[TimeControl "180+1"]
[Date "2022.06.28"]
[WhiteClock "0:00:41"]
[BlackClock "0:00:52"]

1. e4 e5 2. Nf3 Nc6 3. Bb5 Nf6 4. d3 Bc5 5. Bxc6 dxc6 6. Nbd2 Be6 7. Nb3 Bb6 8. Nxe5 Bxb3 9. axb3 Qd4 10. Ng4 Nxg4 11. Qxg4 Qxf2+ 12. Kd1 O-O 13. Qf3 Qd4 14. c3 Qd7 15. g4 a5 16. Kc2 c5 17. Qf5 Qc6 18. Ra4 Rad8 19. Rf1 Rd7 20. h4 Qd6 21. Rf3 Re8 22. Bf4 Qe7 23. h5 c6 24. Ra1 Bd8 25. g5 g6 26. Qh3 b5 27. c4 a4 28. hxg6 fxg6 29. Be5 axb3+ 30. Kxb3 Rb7 31. Bc3 bxc4+ 32. Kxc4 Qd6 33. Ra8 Qc7 34. Qc8 Qb6 35. b4 cxb4 36. Bd4 c5 37. Bxc5 Rc7 38. Kd5 0-1


[Site "https://www.chess.com"]

[Event "Titled Tuesday Blitz June 28 Early 2022"]
[White "Vidruska, Renate"]
[Black "Tasev, Dejan"]
[WhiteFideId "11601841"]
[BlackFideId "936618"]
[WhiteElo "1873"]
[BlackElo "2253"]
[Result "1-0"]
[Round "07"]
[TimeControl "180+1"]
[Date "2022.06.28"]
[WhiteClock "0:00:03"]
[BlackClock "0:00:09"]

1. e4 e5 2. Nf3 Nc6 3. Bc4 Nf6 4. Ng5 Bc5 5. Bxf7+ Ke7 6. Bb3 Rf8 7. d3 d6 8. Nf3 Bg4 9. c3 Qe8 10. Be3 Qh5 11. Nbd2 Bb6 12. h3 h6 13. Qc2 Bxf3 14. Nxf3 g5 15. O-O-O Qg6 16. Kb1 Nh5 17. Bxb6 axb6 18. d4 Nf4 19. dxe5 dxe5 20. Bd5 Qf6 21. Bxc6 bxc6 22. Ne1 Qe6 23. b3 Rfd8 24. Rxd8 Rxd8 25. g3 Nxh3 26. Nf3 Rf8 27. Qe2 g4 28. Nh4 Rxf2 29. Qd3 Qd6 30. Nf5+ Rxf5 31. Qxd6+ Kxd6 32. exf5 Ke7 33. Kc2 Kf6 34. Rf1 Ng5 35. Kd3 Nf3 36. Rh1 Kg5 37. f6 Kxf6 38. Rxh6+ Ke7 39. Rh7+ Kd6 40. Rg7 Nh2 41. Rg6+ Kd7 42. Rg7+ Kd6 43. Rg6+ Kd5 44. c4+ Kc5 45. a3 b5 46. cxb5 cxb5 47. Rg7 c6 48. b4+ Kd5 49. Rd7+ Ke6 50. Rc7 Kd6 51. Rh7 Nf1 52. Rf7 Nxg3 53. Rg7 Nh5 54. Rg6+ Kd5 55. Rxg4 Nf4+ 56. Kd2 Ne6 57. Rg8 Kd6 58. Rc8 Kd7 59. Rh8 Kd6 60. Rh7 Kd5 61. Rh6 Nd4 62. Rh8 Kc4 63. Rc8 Kb3 64. Kd3 Kxa3 65. Ke4 Kxb4 66. Kxe5 Kc5 67. Rg8 b4 68. Rg1 Nb5 69. Rc1+ Nc3 70. Kf4 Kc4 71. Ke3 b3 72. Kd2 b2 73. Rxc3+ Kb4 74. Rxc6 Kb5 75. Rc8 b1=Q 76. Rb8+ 1-0


[Site "https://www.chess.com"]

[Event "Titled Tuesday Blitz June 28 Early 2022"]
[White "Vifleemskaia, Svetlana"]
[Black "Snehal, Bhosale"]
[WhiteFideId "4129490"]
[BlackFideId "5021995"]
[WhiteElo "1929"]
[BlackElo "2103"]
[Result "1-0"]
[Round "07"]
[TimeControl "180+1"]
[Date "2022.06.28"]
[WhiteClock "0:01:14"]
[BlackClock "0:00:19"]

1. d4 Nf6 2. c4 e6 3. Nc3 Bb4 4. e3 O-O 5. Ne2 d5 6. a3 Be7 7. Nf4 c5 8. cxd5 Nxd5 9. Nfxd5 exd5 10. Bd3 c4 11. Bc2 Bf6 12. O-O Nc6 13. b3 Rb8 14. Qh5 g6 15. Qxd5 Be6 16. Qxd8 Rfxd8 17. bxc4 Bxc4 18. Rd1 b5 19. Bb2 a5 20. Ne4 Bg7 21. Rac1 Ne7 22. Bd3 Bb3 23. Rd2 Rdc8 24. Nc5 Bd5 25. Rdc2 f5 26. Nd7 Rxc2 27. Rxc2 Rd8 28. Bxb5 Bb3 29. Rc7 Nd5 30. Rb7 Rc8 31. Nc5 Rxc5 32. dxc5 Bxb2 33. Bc6 a4 34. Bxd5+ Bxd5 35. Rxb2 1-0


[Site "https://www.chess.com"]

[Event "Titled Tuesday Blitz June 28 Early 2022"]
[White "Volkov, Maksim"]
[Black "Hollan, Petr"]
[WhiteFideId "54123070"]
[BlackFideId "360945"]
[WhiteElo "2155"]
[BlackElo "2284"]
[Result "0-1"]
[Round "07"]
[TimeControl "180+1"]
[Date "2022.06.28"]
[WhiteClock "0:00:39"]
[BlackClock "0:01:01"]

1. d4 Nf6 2. c4 c5 3. d5 g6 4. Nc3 Bg7 5. g3 e6 6. Bg2 O-O 7. Nf3 d6 8. O-O exd5 9. cxd5 Re8 10. Bf4 a6 11. a4 Nbd7 12. Bxd6 Qb6 13. Bf4 Qxb2 14. Qd3 c4 15. Qxc4 Nb6 16. Qd3 Bf5 17. Qd2 Qxd2 18. Nxd2 Nh5 19. Rac1 Nxf4 20. gxf4 Bxc3 21. Rxc3 Rxe2 22. Rd1 Nxa4 23. Rb3 Bc2 24. Rbb1 Bxd1 25. Rxd1 Nc3 26. Rc1 Rxd2 27. Rxc3 Rd1+ 28. Bf1 Rxd5 29. Rc7 b5 30. Kg2 Rad8 31. Kg3 R8d6 32. Bg2 Rd3+ 33. Kg4 h5+ 34. Kg5 Kg7 35. f5 Rf6 36. Be4 Rxf5+ 37. Bxf5 Rd5 0-1


[Site "https://www.chess.com"]

[Event "Titled Tuesday Blitz June 28 Early 2022"]
[White "Warmerdam, Max"]
[Black "Dronavalli, Harika"]
[WhiteFideId "1048104"]
[BlackFideId "5015197"]
[WhiteElo "2537"]
[BlackElo "2382"]
[Result "1-0"]
[Round "07"]
[TimeControl "180+1"]
[Date "2022.06.28"]
[WhiteClock "0:00:34"]
[BlackClock "0:00:14"]

1. e4 c5 2. Nf3 e6 3. d4 cxd4 4. Nxd4 Nc6 5. Bf4 d6 6. Nxc6 bxc6 7. c4 e5 8. Be3 Be7 9. Nc3 Nf6 10. Be2 O-O 11. O-O Be6 12. b4 d5 13. cxd5 cxd5 14. exd5 Nxd5 15. Nxd5 Qxd5 16. Qxd5 Bxd5 17. Rfd1 Rfd8 18. b5 e4 19. a4 Bf6 20. Rac1 Rd7 21. h3 Rad8 22. Bg4 Rb7 23. Rc8 Rxc8 24. Bxc8 Rc7 25. Rxd5 Rxc8 26. Bxa7 Rc1+ 27. Kh2 Ra1 28. b6 Rb1 29. a5 h6 30. a6 Bg5 31. b7 Bf4+ 32. g3 Bc7 33. Rd7 Be5 34. Bd4 Bxd4 35. Rxd4 Kh7 36. Rxe4 Rb2 37. Kg2 f5 38. Re8 1-0


[Site "https://www.chess.com"]

[Event "Titled Tuesday Blitz June 28 Early 2022"]
[White "Wartiovaara, Oliver"]
[Black "Ciuffoletti, Paolo"]
[WhiteFideId "513024"]
[BlackFideId "807630"]
[WhiteElo "1971"]
[BlackElo "2143"]
[Result "0-1"]
[Round "07"]
[TimeControl "180+1"]
[Date "2022.06.28"]
[WhiteClock "0:00:07"]
[BlackClock "0:01:05"]

1. Nf3 g6 2. e4 Bg7 3. d4 c6 4. Bd3 d5 5. c3 dxe4 6. Bxe4 Nf6 7. Bc2 Nbd7 8. O-O Qc7 9. Re1 c5 10. d5 Qd8 11. d6 e6 12. Bf4 O-O 13. Qd2 Qb6 14. Na3 Qc6 15. Nc4 Nd5 16. Bh6 b5 17. Nce5 Nxe5 18. Nxe5 Qxd6 19. Bxg7 Kxg7 20. Ng4 Qf4 21. Qxf4 Nxf4 22. Be4 Rb8 23. g3 Nh3+ 24. Kg2 Ng5 25. Bc2 Bb7+ 26. Kf1 Rbd8 27. Re3 Rd2 28. Bd1 h5 29. Ne5 Nh3 30. Re2 Rfd8 31. Rxd2 Rxd2 32. Be2 c4 33. b3 f6 34. Nf3 Bxf3 35. Bxf3 Rxf2+ 0-1


[Site "https://www.chess.com"]

[Event "Titled Tuesday Blitz June 28 Early 2022"]
[White "Weishaeutel, Moritz"]
[Black "Samunenkov, Ihor"]
[WhiteFideId "12967300"]
[BlackFideId "14187086"]
[WhiteElo "2002"]
[BlackElo "2409"]
[Result "0-1"]
[Round "07"]
[TimeControl "180+1"]
[Date "2022.06.28"]
[WhiteClock "0:00:01"]
[BlackClock "0:00:45"]

1. e4 c5 2. b4 cxb4 3. a3 d5 4. exd5 Qxd5 5. Nf3 e5 6. axb4 Bxb4 7. c3 Be7 8. Na3 e4 9. Nb5 Qd8 10. Qa4 Nc6 11. Ne5 Nf6 12. Nxc6 bxc6 13. Nd4 Bd7 14. Nxc6 Qc7 15. Bb5 Bd6 16. Nd4 O-O 17. Bxd7 Nxd7 18. Nb5 Qc6 19. Nxd6 Qxd6 20. Ba3 Nc5 21. Bxc5 Qxc5 22. O-O Qd5 23. Rad1 a5 24. Rfe1 f5 25. Re3 Rfc8 26. h4 Rc4 27. Qa2 Rd8 28. d3 Rxc3 29. dxe4 Qxa2 30. Rxd8+ Kf7 31. Re1 fxe4 32. Rd7+ Kf8 33. Rd4 Rc4 34. Rd5 a4 35. Rf5+ Kg8 36. f3 a3 37. fxe4 Qd2 38. Rb1 h6 39. Rb8+ Kh7 40. Rf6 Qe1+ 41. Rf1 Qxh4 42. Rb7 a2 43. Ra1 Rc2 44. Rxa2 Rxa2 45. Rb4 Qf2+ 0-1


[Site "https://www.chess.com"]

[Event "Titled Tuesday Blitz June 28 Early 2022"]
[White "Winkels, Marcel"]
[Black "Coelho, Ramyres Santana"]
[WhiteFideId "1003887"]
[BlackFideId "2120690"]
[WhiteElo "1900"]
[BlackElo "1888"]
[Result "0-1"]
[Round "07"]
[TimeControl "180+1"]
[Date "2022.06.28"]
[WhiteClock "0:00:01"]
[BlackClock "0:01:07"]

1. e4 c5 2. Nf3 d6 3. d4 cxd4 4. Nxd4 Nf6 5. Nc3 a6 6. a3 e6 7. Be3 b5 8. f3 Bb7 9. Qd2 Nbd7 10. O-O-O Rc8 11. g4 Ne5 12. g5 Nfd7 13. h4 Nc4 14. Bxc4 Rxc4 15. h5 Qc7 16. g6 hxg6 17. hxg6 Rxh1 18. Rxh1 Ne5 19. gxf7+ Qxf7 20. Qe2 Rxc3 21. bxc3 d5 22. Bg5 Bxa3+ 23. Kb1 Nc4 24. Ka2 Bb2 25. Rh8+ Kd7 26. Nb3 Bxc3 27. Nc5+ Kc6 28. Nxb7 Kxb7 29. exd5 exd5 30. Re8 Bb4 31. f4 Qc7 32. Bd8 Qc6 33. f5 Nd2 34. c4 bxc4 35. Re7+ Bxe7 0-1


[Site "https://www.chess.com"]

[Event "Titled Tuesday Blitz June 28 Early 2022"]
[White "Xu, Yi"]
[Black "Gardezi, Arsal"]
[WhiteFideId "8605564"]
[BlackFideId "30949521"]
[WhiteElo "2471"]
[BlackElo "1781"]
[Result "1-0"]
[Round "07"]
[TimeControl "180+1"]
[Date "2022.06.28"]
[WhiteClock "0:00:30"]
[BlackClock "0:00:04"]

1. e4 e5 2. Nf3 Nc6 3. Bc4 Nf6 4. d3 Bc5 5. O-O O-O 6. c3 d5 7. exd5 Nxd5 8. Re1 Bg4 9. Nbd2 Nb6 10. h3 Bh5 11. Bb3 Qxd3 12. Nxe5 Qf5 13. Nef3 Rfe8 14. g4 Bxg4 15. hxg4 Qxg4+ 16. Kh1 Qh3+ 17. Nh2 Bxf2 18. Rf1 Bg3 19. Bxf7+ Kh8 20. Qh5 Qxh5 21. Bxh5 g6 22. Bf3 Ne5 23. Kg2 Bf4 24. Bxb7 Rab8 25. Rxf4 Rxb7 26. Re4 Nbd7 27. Ndf3 Rb5 28. Ng4 h5 29. Ngxe5 Nxe5 30. c4 Ra5 31. Bf4 1-0


[Site "https://www.chess.com"]